 Dungeon Crawl Stone Soup version 0.30-a0-1160-g6e42c06551 (webtiles) character file.

Game seed: 11893299608442178955

7 mandoloar the Insei (level 2, -1/18 HPs)
             Began as an Octopode Transmuter on Apr 26, 2023.
             Slain by a gnoll
             ... wielding a +0 flail
              (3 damage)
             ... on level 2 of the Dungeon.
             The game lasted 00:01:50 (855 turns).

mandoloar the Insei (Octopode Transmuter)            Turns: 855, Time: 00:01:51

Health: -1/18      AC:  1    Str:  9    XL:     2   Next: 4%
Magic:  2/5        EV: 13    Int: 15    God:
Gold:   34         SH:  0    Dex: 12    Spells: 2/5 levels left

rFire   . . .        a - +0 spear
rCold   . . .        (no shield)
rNeg    . . .        (helmet currently unavailable)
rPois   .            (no amulet)
rElec   .            (no ring)
rCorr   .            (no ring)
SInv    .            (no ring)
Will    .....        (no ring)
Stlth   ++           (no ring)
HPRegen 0.23/turn    (no ring)
MPRegen 0.09/turn    (no ring)
                     (no ring)

%: no passive effects
@: appendages (expiring), wereblooded
A: tentacle spike 3, almost no armour, amphibious, 8 rings, camouflage 1,
gelatinous body 1, (nimble swimmer 1), tentacles
a: End Transformation


You were on level 2 of the Dungeon.
One of your tentacles had grown a beastly spike.
You visited 1 branch of the dungeon, and saw 2 of its levels.

You collected 34 gold pieces.

Inventory:

Hand Weapons
 a - a +0 spear (weapon)
Missiles
 j - 12 stones
Jewellery
 d - a ring of ice
Scrolls
 c - a scroll of identify {unknown}
 f - a scroll of fear {unknown}
 g - 3 scrolls of amnesia {unknown}
 h - a scroll of teleportation {unknown}
 k - a scroll of noise {unknown}
Potions
 b - a potion of lignification
 e - a potion of haste {unknown}
 i - a potion of brilliance {unknown}


   Skills:
 + Level 1.3 Fighting
 + Level 2.2 Dodging
 + Level 3.1 Unarmed Combat
 - Level 2.0 Spellcasting
 - Level 2.0 Transmutations


You had 2 spell levels left.
You knew the following spells:

 Your Spells              Type           Power      Damage    Failure   Level
a - Beastly Appendage     Tmut           14%        N/A       10%         1
b - Wereblood             Tmut           7%         N/A       14%         2

Your spell library contained the following spells:

 Spells                   Type           Power      Damage    Failure   Level
 Spider Form              Tmut/Pois      4%         N/A       41%         3
 Ice Form                 Ice/Tmut       4%         N/A       82%         4


Dungeon Overview and Level Annotations

Branches:
Dungeon (2/15)

Altars:


Innate Abilities, Weirdness & Mutations

One of your tentacles has grown a beastly spike.
You cannot wear most types of armour.
You are amphibious.
You can wear up to eight rings at the same time.
Your skin changes colour to match your surroundings (Stealth+).
Your rubbery body absorbs attacks. (AC +1, EV +1)
((You are camouflaged when in or above water. (Stealth+)))
You have tentacles for arms and can constrict up to eight enemies at once.


Message History

You climb downwards.
There is a stone staircase leading up here.
You climb upwards.
There is a stone staircase leading down here.
Search for what [? for help]? .
There is a stone staircase leading down here.
You climb downwards.
There is a stone staircase leading up here.
k - a scroll labelled YNEKKE DAUXYCS 2 gnolls come into view.
Throw: 13 stones
Press: ? - help, Shift-Dir - straight line, f - gnoll
Aim: a gnoll, wielding a +0 flail (asleep, 98% to hit)
You throw a stone.
The stone hits the gnoll but does no damage.
The gnoll shouts!
A gnoll comes into view. It is wielding a +0 flail.
Cast which spell? (? or * to list)
Your blood is infused with primal strength.
Casting: Wereblood (safe; 14% risk of failure)
Confirm with . or Enter, or press ? or * to list all spells.
One of your tentacles grows a vicious spike.
You completely miss the gnoll. Your grab misses the gnoll.
You pierce the gnoll.
The gnoll is moderately wounded.
The gnoll hits you with a +0 flail!
Ouch! That really hurt!
You hit the gnoll but do no damage. Your grab misses the gnoll.
The gnoll is moderately wounded.
The gnoll closely misses you.
You barely miss the gnoll. You grab the gnoll.
You pierce the gnoll, but do no damage.
The gnoll is moderately wounded.
Your transformation is almost over.
You constrict the gnoll. The gnoll hits you with a +0 flail!
* * * LOW HITPOINT WARNING * * *
You hit the gnoll.
You pierce the gnoll.
The gnoll is heavily wounded.
You constrict the gnoll. The gnoll hits you with a +0 flail.
You die...

.##########################
#........g@................
.#.....###################
#.###.#.......# #.#.#####.#
..... #.#.#...#.# ..... .#
#g#.#.#.#.# ..... .#
#.#...#.#.# ..... .#
###.#.###.#.###########
.....##.#
#...#.....#............


You could see a gnoll.

Vanquished Creatures
  An endoplasm (D:1)
  2 hobgoblins (D:1)
  2 kobolds (D:1)
  2 bats (D:1)
7 creatures vanquished.

Notes
Turn   | Place    | Note
-------+----------+-------------------------------------------
     0 | D:1      | mandoloar the Octopode Transmuter began the quest for the
                  | Orb.
     0 | D:1      | Reached XP level 1. HP: 13/13 MP: 3/3
   161 | D:1      | Found a faded altar of an unknown god.
   227 | D:1      | Reached XP level 2. HP: 18/18 MP: 5/5
   654 | D:1      | Learned a level 2 spell: Wereblood
   855 | D:2      | Slain by a gnoll

Illustrated notes

Levels and vault maps discovered:
D:1:      nicolae_arrival_memento_mori, layout_basic,
          hellmonk_ecumenical_altar_arch_garden, hangedman_decor_growths
D:2:      minmay_general_purpose_star, layout_basic, minmay_domino_2

Action                     || total
---------------------------++-------
  Melee: Spear             ||    14
         Unarmed           ||     5
         Constrict         ||     5
         Tentacles         ||     2
         Kick              ||     3
  Throw: Stone             ||     1
   Cast: Beastly Appendage ||     1
         Wereblood         ||     1
 Armour: Skin              ||     1
  Dodge: Dodged            ||     6

Table legend: (Time is in decaauts)
 A = Elapsed time spent in this place.
 B = Non-inter-level travel time spent in this place.
 C = Inter-level travel time spent in this place.
 D = Time resting spent in this place.
 E = Time spent auto-exploring this place.
 F = Levels seen in this place.
 G = Mean time per level.
                   A        B        C        D        E       F      G
               +--------+--------+--------+--------+--------+-----+--------+
         Total |    855 |    785 |     70 |    100 |    582 |   2 |  427.5 |
       Dungeon |    855 |    785 |     70 |    100 |    582 |   2 |  427.5 |
               +--------+--------+--------+--------+--------+-----+--------+

Top non-repeatable levels by time:
     D:1: 710 daAuts
     D:2: 145 daAuts
